 Dungeon Crawl Stone Soup version 0.23-a0-143-g1adec7b (console) character file.

152974 removed the Protected (level 16, -9/134 HPs)
             Began as a Demigod Summoner on Sept 1, 2018.
             Killed from afar by a naga mage (17 damage)
             ... with a poison arrow
             ... on level 3 of the Snake Pit on Sept 6, 2018.
             The game lasted 02:31:21 (51721 turns).

removed the Protected (Demigod Summoner)           Turns: 51721, Time: 02:31:23

Health: -9/134     AC: 19    Str: 11    XL:     16   Next: 48%
Magic:  5/35       EV: 18    Int: 29    God:
Gold:   1711       SH:  8    Dex: 16    Spells: 1/35 levels left

rFire    + . .     SeeInvis .   a - +3 dagger (pain)
rCold    . . .     Gourm    .   f - +0 buckler
rNeg     . . .     Faith    .   X - +3 acid dragon scales
rPois    .         Spirit   .   n - +0 helmet
rElec    +         Reflect  +   T - scarf {cloud immunity}
rCorr    +         Harm     .   F - +0 pair of gloves of Inevitability {rElec Str+4 Stlth-}
MR       ++...                  q - +2 pair of boots
Stlth    ++........             Q - +3 amulet of reflection
HPRegen  1.32/turn              c - ring "Keshrir" {Wiz rF+ MR+ Str-4 Stlth+}
MPRegen  0.24/turn              K - +4 ring of slaying

@: lethally poisoned (-9 -> -12), regenerating
A: high mp 1
a: no special abilities


You were on level 3 of the Snake Pit.
You were not hungry.

You visited 4 branches of the dungeon, and saw 26 of its levels.
You also visited: Labyrinth.

You collected 2490 gold pieces.
You spent 779 gold pieces at shops.

Inventory:

Hand Weapons
 a - a +3 dagger of pain (weapon)
 g - a +0 blowgun
 h - a +2 scimitar of flaming
 x - a +2 rapier of venom
Missiles
 P - 5 throwing nets (quivered)
 Z - 6 curare-tipped needles
Armour
 f - a +0 buckler (worn)
 n - a +0 helmet (worn)
 q - a +2 pair of boots (worn)
 F - the +0 pair of gloves of Inevitability (worn) {rElec Str+4 Stlth-}
   (You bought it in a shop on level 2 of the Orcish Mines)

   It affects your strength (+4).
   It insulates you from electricity.
   It makes you less stealthy.
 T - a scarf of cloud immunity (worn)
 W - the +3 robe of Hukhasm {rF+ MR+}
   (You found it on level 1 of the Snake Pit)

   It protects you from fire.
   It affects your resistance to hostile enchantments.
 X - +3 acid dragon scales (worn)
Magical Staves
 b - an uncursed staff of conjuration {!a}
 o - an uncursed staff of poison
Jewellery
 c - the ring "Keshrir" (left hand) {Wiz rF+ MR+ Str-4 Stlth+}
   (You found it in a labyrinth)

   [ring of wizardry]

   It improves your spell success rate.
   It affects your strength (-4).
   It protects you from fire.
   It affects your resistance to hostile enchantments.
   It makes you more stealthy.
 e - an uncursed ring of poison resistance
 p - an uncursed ring of protection from magic
 J - an uncursed ring of magical power
 K - a +4 ring of slaying (right hand)
 Q - a +3 amulet of reflection (around neck)
 Y - an uncursed ring of protection from cold
Wands
 d - a wand of digging (37)
 j - a wand of acid (5)
 I - a wand of paralysis (33)
 M - a wand of disintegration (12)
Scrolls
 u - 3 scrolls of magic mapping
 v - 7 scrolls of teleportation
 y - 8 scrolls of remove curse
 z - 2 scrolls of enchant weapon
 A - a scroll of holy word
 B - 4 scrolls of fear
 G - 3 scrolls of blinking
 H - 6 scrolls of amnesia
 R - 2 scrolls of fog
 S - a scroll of random uselessness {unknown}
Potions
 i - 4 potions of heal wounds
 k - 5 potions of cancellation
 l - 3 potions of brilliance
 m - 4 potions of flight
 r - 6 potions of agility
 t - 2 potions of invisibility
 C - 3 potions of magic
 D - 3 potions of resistance
 E - 7 potions of curing
 L - a potion of might
 N - 4 potions of berserk rage
 O - a potion of lignification {unknown}
 U - 4 potions of mutation
 V - 2 potions of haste
Comestibles
 s - 25 rations


   Skills:
 - Level 10.1 Fighting
 - Level 10.0 Short Blades
 - Level 13.0 Armour
 - Level 10.4 Dodging
 - Level 1.7 Stealth
 - Level 5.1 Shields
 + Level 10.1 Spellcasting
 - Level 9.0 Conjurations
 - Level 3.6 Summonings
 - Level 10.0 Necromancy
 - Level 12.1 Fire Magic


You had one spell level left.
You knew the following spells:

 Your Spells              Type           Power        Failure   Level  Hunger
a - Magic Dart            Conj           ####         1%          1    None
b - Conjure Flame         Conj/Fire      ######..     1%          3    None
c - Fireball              Conj/Fire      ######....   1%          5    ###....
d - Vampiric Draining     Necr           ######....   1%          3    None
e - Regeneration          Chrm/Necr      #####.....   1%          3    None
f - Sticky Flame          Conj/Fire      ######..     1%          4    None
g - Bolt of Fire          Conj/Fire      ######....   4%          6    #####..
i - Call Imp              Summ           #####...     1%          2    None
l - Blink                 Tloc           N/A          3%          2    None
m - Mephitic Cloud        Conj/Pois/Air  ####....     1%          3    None
s - Swiftness             Chrm/Air       ##......     3%          2    None

Your spell library contained the following spells:

 Spells                   Type           Power        Failure   Level  Hunger
 Animate Skeleton         Necr           N/A          1%          1    None
 Apportation              Tloc           ##....       1%          1    None
 Beastly Appendage        Tmut           ##....       1%          1    None
 Confusing Touch          Hex            ##....       1%          1    None
 Pain                     Necr           ####         1%          1    None
 Shock                    Conj/Air       ####         1%          1    None
 Summon Butterflies       Summ           #####...     1%          1    None
 Summon Small Mammal      Summ           ####         1%          1    None
 Call Canine Familiar     Summ           #####...     1%          3    None
 Ignite Poison            Fire/Tmut/Pois #####...     1%          3    None
 Static Discharge         Conj/Air       #####...     1%          3    None
 Animate Dead             Necr           N/A          1%          4    None
 Poisonous Vapours        Pois/Air       ##....       3%          2    None
 Slow                     Hex            ##......     3%          2    None
 Sticks to Snakes         Tmut           ##......     3%          2    None
 Summon Guardian Golem    Hex/Summ       ####....     3%          3    None
 Spider Form              Tmut/Pois      ##........   6%          3    None
 Lightning Bolt           Conj/Air       #####.....   9%          5    ###....
 Summon Ice Beast         Ice/Summ       ####....     10%         4    None
 Summon Lightning Spire   Summ/Air       ####....     10%         4    None
 Airstrike                Air            ##........   21%         4    None
 Ice Form                 Ice/Tmut       ##......     21%         4    None
 Summon Mana Viper        Hex/Summ       ####....     26%         5    ###....
 Blade Hands              Tmut           ##........   45%         5    ###....
 Freezing Cloud           Conj/Ice/Air   ####......   63%         6    #####..
 Ignition                 Fire           ######....   63%         8    #######
 Ring of Flames           Chrm/Fire      #####.....   77%         7    ######.
 Summon Hydra             Summ           #####.....   98%         7    ######.


Dungeon Overview and Level Annotations

Branches:
Dungeon (15/15)            Temple (0/1) D:7            Lair (6/6) D:9
  Swamp (0/4) Lair:3        Snake (3/4) Lair:3        Slime (0/5) Lair:6
    Orc (2/2) D:10            Elf (0/3) Orc:2        Vaults (0/5) D:13
 Depths (0/5) D:15

Shops:
D:9 %   D:13 }?   D:15 (   Orc:2 *(=[}

Annotations:
D:8 1 runed door
D:13 3 runed doors, Thaneod's ghost, journeyman VSFi
Lair:3 exclusion: hydra
Lair:6 exclusion: oklob plant
Snake:1 Asterion
Orc:2 1 runed door, eyesofgods1's ghost, journeyman DsGl


Innate Abilities, Weirdness & Mutations

You have an increased reservoir of magic. (+10% MP)


Message History

You feel sick. The naga mage spits poison at you.
The splash of poison misses you.
You feel very sick.
You feel sick. The naga mage casts a spell at you. The bolt of poison hits you!
You are lethally poisoned!
* * * LOW HITPOINT WARNING * * *
You feel better. The naga mage spits poison at you.
The splash of poison hits you!
You are poisoned.
* * * LOW HITPOINT WARNING * * *
There is a stone staircase leading up here.
You feel sick.
The naga mage points at you and mumbles some strange words.
The poison arrow hits you!
You are more poisoned.
You die...

##...######.......#
##..)##.#.#N#.#...##
##....#.........#### #.#
##....###.#.#N#.#### #..#
##...####.....N.....###...#
#...######.#.#.#.#.....>.##
##....##.)................#
##.)..#.#.#.#.#.#.........
##...........@.......###
##...##.#.#.#.#.[..##
##...##..###.<.[.##
##...#.## #....[# ###...#
###....###
#..###........###
##.........[÷...#
#........#....#
##.....####†...#


You could see a naga mage and 2 nagas.

Vanquished Creatures
  Saint Roka (Orc:2)
  Rupert (Lair:4)
  Nessos (D:15)
  Azrael (D:12)
  A minotaur (Lab)
  A dire elephant (Lair:5)
  Snorg (D:10)
  A fire dragon (Lair:6)
  Josephine (D:12)
  Harold (D:7)
  Fannar (D:12)
  7 vault guards
  5 naga warriors
  4 hydras
  2 centaur warriors (D:14)
  7 anacondas
  5 death yaks
  3 two-headed ogres
  6 shock serpents
  2 tengu warriors
  8 naga sharpshooters
  2 orc high priests
  Sonja (Lair:6)
  2 salamander mystics
  4 unseen horrors
  7 naga ritualists
  A swamp dragon (Lair:6)
  A wizard (D:15)
  12 mana vipers
  A wolf spider zombie (D:15)
  4 orc knights
  A necromancer (D:15)
  2 orc sorcerers (Orc:2)
  13 ugly things
  2 manticores
  5 salamanders (Snake:1)
  3 deep elf magi
  26 elephants
  A cyclops (D:15)
  A guardian serpent (Snake:1)
  17 naga magi
  7 spiny frogs
  29 black mambas
  Joseph (D:9)
  A gargoyle (D:15)
  A torpor snail (Lair:6)
  An efreet (D:15)
  2 rime drakes
  2 kobold demonologists
  7 komodo dragons
  A redback zombie (D:15)
  8 trolls
  A harpy zombie (D:15)
  A polar bear (shapeshifter) (D:13)
  11 polar bears
  A wind drake (shapeshifter) (D:14)
  3 slime creatures (D:13)
  A raiju (Lair:6)
  A harpy skeleton (D:15)
  16 dream sheep (Lair:4)
  A blink frog (shapeshifter) (D:13)
  20 blink frogs
  9 hippogriffs
  A meliai zombie (D:15)
  3 redbacks (Lab)
  Sigmund (D:2)
  A centaur simulacrum (D:15)
  38 yaks
  A spriggan (Lair:5)
  3 shadows
  A fire elemental (D:12)
  3 hogs (D:10)
  A human (D:10)
  4 wyverns
  5 wraiths
  2 steam dragons (Lair:6)
  3 basilisks
  6 hungry ghosts
  8 vampire mosquitoes
  23 nagas
  A soldier ant (D:15)
  5 acid dragons
  10 wargs
  14 water moccasins
  17 hell hounds
  21 orc warriors
  2 swamp drakes (Lair:6)
  12 porcupines
  8 ice beasts
  5 sky beasts
  14 black bears
  10 ogres
  4 necrophages
  9 centaurs
  16 wolves
  13 crocodiles
  4 big kobolds
  17 bullfrogs
  A wyvern skeleton (D:11)
  4 scorpions
  A water moccasin zombie (D:8)
  3 killer bees (D:8)
  17 wights
  3 howler monkeys (D:7)
  8 crimson imps
  2 bullfrog zombies
  3 quasits
  3 centaur zombies
  10 orc priests
  A bullfrog skeleton (D:5)
  4 hounds
  2 jellies
  6 centaur skeletons
  7 iguanas
  24 orc wizards
  6 worker ants
  Natasha (thrice) (D:2)
  A hound skeleton (D:8)
  11 gnolls
  A howler monkey zombie (D:5)
  20 adders
  A shadow imp (D:15)
  2 oozes
  An adder zombie (D:6)
  2 adder skeletons
  2 worms
  2 dart slugs (D:3)
  7 leopard geckos
  49 orcs
  7 giant cockroaches
  7 goblins
  4 hobgoblins
  17 jackals
  5 quokkas
  7 bats
  2 frilled lizards
  22 kobolds
  5 rats
860 creatures vanquished.

Vanquished Creatures (collateral kills)
  A mana viper (Snake:1)
  A black mamba (Snake:1)
  An ice beast (D:3)
  Robin (D:2)
  3 worms (D:2)
  2 leopard geckos (D:1)
  A bat (D:2)
  A giant cockroach (D:2)
  9 goblins
  4 hobgoblins (D:1)
  A jackal (D:2)
  2 frilled lizards (D:1)
  2 kobolds
29 creatures vanquished.

Vanquished Creatures (others)
  Vashnia (Snake:3)
  3 centaurs
  An orc (D:15)
  2 bushes
  96 fungi
  64 plants
167 creatures vanquished.

Grand Total: 1056 creatures vanquished

Notes
Turn   | Place    | Note
-------+----------+-------------------------------------------
     0 | D:1      | removed the Demigod Summoner began the quest for the Orb.
     0 | D:1      | Reached XP level 1. HP: 14/14 MP: 5/5
   350 | D:1      | Reached XP level 2. HP: 20/20 MP: 5/8
   614 | D:1      | Learned a level 2 spell: Call Imp
  1472 | D:2      | Noticed Robin
  1506 | D:2      | Killed Robin
  1506 | D:2      | Reached XP level 3. HP: 10/26 MP: 5/10
  1915 | D:2      | Learned a level 1 spell: Magic Dart
  2238 | D:2      | Reached skill level 1 in Conjurations
  2545 | D:2      | You fall through a shaft!
  2665 | D:2      | Noticed Natasha
  2707 | D:2      | Noticed Sigmund
  3151 | D:3      | Reached XP level 4. HP: 30/33 MP: 6/11
  3529 | D:3      | Noticed an ice beast
  3907 | D:3      | Killed an ice beast
  3982 | D:3      | Learned a level 2 spell: Blink
  4090 | D:4      | Found an iron altar of Okawaru.
  4124 | D:4      | Noticed an ogre
  4161 | D:4      | Reached XP level 5. HP: 38/38 MP: 8/12
  4335 | D:4      | Learned a level 3 spell: Conjure Flame
  5326 | D:4      | Killed an ogre
  5326 | D:4      | Reached skill level 5 in Conjurations
  5326 | D:4      | Reached XP level 6. HP: 45/45 MP: 0/13
  5446 | D:5      | Entered Level 5 of the Dungeon
  6254 | D:5      | Reached XP level 7. HP: 44/50 MP: 0/16
  6359 | D:4      | Learned a level 3 spell: Mephitic Cloud
  7953 | D:6      | Reached skill level 5 in Spellcasting
  7978 | D:6      | Reached skill level 1 in Fighting
  7978 | D:6      | Reached XP level 8. HP: 59/59 MP: 4/19
  9484 | D:7      | Found a staircase to the Ecumenical Temple.
  9523 | D:7      | Noticed Harold
  9542 | D:7      | Killed Harold
  9542 | D:7      | Reached XP level 9. HP: 33/71 MP: 10/20
 10783 | D:8      | Found a runed door.
 10783 | D:8      | Noticed a sixfirhy
 10794 | D:8      | Learned a level 3 spell: Regeneration
 10934 | D:8      | Reached skill level 5 in Dodging
 10970 | D:8      | Noticed a two-headed ogre
 11063 | D:8      | Killed a two-headed ogre
 11578 | D:8      | Reached skill level 5 in Fighting
 11912 | D:8      | Reached XP level 10. HP: 81/81 MP: 0/22
 12271 | D:9      | Found Hanarest's Food Shoppe.
 12401 | D:9      | Noticed Joseph
 12437 | D:9      | Reached skill level 1 in Necromancy
 12782 | D:9      | Found a staircase to the Lair.
 13090 | D:9      | Killed Joseph
 14023 | D:9      | Learned a level 3 spell: Vampiric Draining
 14024 | D:10     | Entered Level 10 of the Dungeon
 14196 | D:10     | Reached skill level 5 in Necromancy
 14753 | D:10     | Found a staircase to the Orcish Mines.
 15016 | D:10     | Killed an unseen horror
 15062 | D:10     | Noticed Josephine
 17130 | D:10     | Reached XP level 11. HP: 76/92 MP: 0/24
 17533 | Lair:1   | Entered Level 1 of the Lair of Beasts
 17979 | Lair:1   | Reached skill level 1 in Short Blades
 18513 | Lair:1   | Got a transparent scale mail
 18524 | Lair:1   | Identified the +2 scale mail of the Cuttlefish {rN+ rCorr}
                  | (You found it on level 1 of the Lair of Beasts)
 19344 | Lair:2   | Noticed a death yak
 19345 | Lair:2   | Noticed a death yak
 19365 | Lair:2   | Noticed a death yak
 19390 | Lair:1   | Reached skill level 5 in Short Blades
 19683 | Lair:1   | Killed a death yak
 20569 | Lair:2   | Noticed a death yak
 20571 | Lair:2   | Noticed a death yak
 20574 | Lair:2   | Killed a death yak
 20789 | Lair:1   | Killed a death yak
 21075 | Lair:1   | Killed a death yak
 21288 | Lair:2   | Killed a death yak
 21793 | Lair:3   | Noticed a four-headed hydra
 21816 | Lair:3   | Killed a four-headed hydra
 21923 | Lair:3   | Found a staircase to the Swamp.
 22359 | Lair:3   | Reached XP level 12. HP: 98/100 MP: 23/25
 22704 | Lair:3   | Noticed a catoblepas
 23218 | Lair:3   | Noticed a four-headed hydra
 23243 | Lair:3   | Reached skill level 10 in Short Blades
 23330 | Lair:3   | Found a staircase to the Snake Pit.
 24287 | Lair:4   | Noticed Rupert
 24300 | Lair:4   | Paralysed by Rupert for 4 turns
 24332 | Lair:4   | Killed Rupert
 24495 | Lair:4   | Reached skill level 10 in Necromancy
 26368 | Lair:5   | Reached XP level 13. HP: 105/105 MP: 23/27
 26882 | Lair:5   | Reached skill level 1 in Shields
 27868 | Lair:5   | Reached skill level 5 in Shields
 28104 | Lair:5   | Noticed a dire elephant
 28224 | Lair:5   | Killed a dire elephant
 28390 | Lair:6   | Entered Level 6 of the Lair of Beasts
 28774 | D:2      | Killed Natasha
 28809 | D:2      | Killed Sigmund
 29067 | D:2      | Noticed Natasha
 29071 | D:2      | Killed Natasha
 29136 | D:2      | Noticed Natasha
 29144 | D:2      | Killed Natasha
 29896 | D:10     | Found a staircase to the Orcish Mines.
 30010 | D:11     | Found a shadowy altar of Dithmenos.
 30051 | D:11     | Got an ichor-stained ring mail
 30062 | D:11     | Identified the +3 ring mail "Labeh" {-Cast rF+ rN+} (You
                  | found it on level 11 of the Dungeon)
 30989 | D:12     | Noticed Azrael
 31001 | D:12     | Killed Azrael
 31212 | D:12     | Noticed Fannar
 31242 | D:12     | Killed Fannar
 32208 | D:12     | Killed Josephine
 32939 | Lair:6   | Found a staircase to the Slime Pits.
 33339 | Lair:6   | Reached XP level 14. HP: 102/118 MP: 29/31
 33586 | Lair:6   | Noticed Sonja
 33594 | Lair:6   | Killed Sonja
 34353 | Lair:6   | Reached skill level 10 in Dodging
 35362 | Lair:6   | Reached skill level 10 in Fighting
 35617 | Lair:6   | Identified the Compendium of the Aerial Arsonist
 36043 | Lair:6   | Identified a scroll of acquirement
 36303 | Lair:6   | Learned a level 4 spell: Sticky Flame
 36529 | Orc:1    | Entered Level 1 of the Orcish Mines
 36535 | Orc:1    | Noticed Snorg
 36560 | D:10     | Killed Snorg
 36560 | D:10     | Reached skill level 1 in Fire Magic
 36768 | Orc:2    | Entered Level 2 of the Orcish Mines
 37113 | Orc:2    | Found Dopoydir's Gadget Emporium.
 37623 | Orc:2    | Found a staircase to the Elven Halls.
 37917 | Orc:2    | Noticed Saint Roka
 38126 | Orc:2    | Killed Saint Roka
 38126 | Orc:2    | Reached skill level 5 in Fire Magic
 38474 | Orc:2    | Found a roughly hewn altar of Beogh.
 38509 | Orc:2    | Found Texiwnit's Antique Weapon Boutique.
 38567 | Orc:2    | Found Zurphua's Antique Armour Boutique.
 38582 | Orc:2    | Found Peenigemo's Jewellery Boutique.
 38598 | Orc:2    | Found Cesaf's General Store.
 38624 | Orc:2    | Found a runed door.
 38624 | Orc:2    | Noticed eyesofgods1's ghost (journeyman DsGl)
 38758 | Orc:2    | Bought a pair of crude gloves for 304 gold pieces
 38768 | Orc:2    | Identified the +0 pair of gloves of Inevitability {rElec
                  | Str+4 Stlth-} (You bought it in a shop on level 2 of the
                  | Orcish Mines)
 39029 | D:13     | Noticed Thaneod's ghost (journeyman VSFi)
 39043 | D:13     | Found a gate to the Vaults.
 39214 | D:13     | Found a labyrinth entrance.
 39223 | Lab      | Entered a labyrinth
 39273 | Lab      | Got a bloodstained robe
 39680 | Lab      | Got a slimy scale mail
 39680 | Lab      | Got a fine ivory ring
 39682 | Lab      | Identified the ring "Keshrir" {Wiz rF+ MR+ Str-4 Stlth+}
                  | (You found it in a labyrinth)
 39694 | Lab      | Identified the cursed +0 robe of Inviolability {MR+} (You
                  | found it in a labyrinth)
 39705 | Lab      | Identified the cursed +0 scale mail of Fun {Str+3} (You
                  | found it in a labyrinth)
 40018 | D:13     | Got a brightly glowing robe
 40031 | D:13     | Got a faintly glowing flail
 40278 | D:13     | Found Vuili's Gadget Boutique.
 40334 | D:13     | Found Duisu's Magic Scroll Shoppe.
 40407 | D:13     | Identified the +4 flail "Saituiva" {venom, +Inv} (You found
                  | it on level 13 of the Dungeon)
 40670 | D:13     | Found a runed gate.
 40670 | D:13     | Found a runed gate.
 40670 | D:13     | Found a runed gate.
 40745 | D:13     | Reached XP level 15. HP: 116/126 MP: 32/32
 41082 | D:14     | Learned a level 5 spell: Fireball
 41491 | D:14     | Reached skill level 10 in Fire Magic
 41855 | D:14     | Found a shattered altar of Ashenzari.
 42503 | D:15     | Entered Level 15 of the Dungeon
 42956 | D:15     | Found Tuopp's Weapon Shoppe.
 42959 | D:15     | Reached skill level 10 in Spellcasting
 43183 | D:15     | Found a staircase to the Depths.
 43328 | D:15     | Noticed Nessos
 43337 | D:15     | Killed Nessos
 43363 | D:15     | Identified the cursed +1 robe of Vubuxungy {+Blink} (You
                  | found it on level 13 of the Dungeon)
 43658 | D:15     | Got a spiked chain mail
 43671 | D:15     | Identified the +2 chain mail of Pantheism {rElec} (You
                  | found it on level 15 of the Dungeon)
 43729 | D:15     | Learned a level 6 spell: Bolt of Fire
 43942 | Orc:2    | Bought a translucent broad axe for 378 gold pieces
 43942 | Orc:2    | Identified the +10 broad axe of Past Mistakes {venom,
                  | rPois} (You bought it in a shop on level 2 of the Orcish
                  | Mines)
 44170 | D:13     | Bought a scroll of enchant armour for 97 gold pieces
 44369 | Snake:1  | Entered Level 1 of the Snake Pit
 44416 | Snake:1  | Reached skill level 1 in Armour
 44432 | Snake:1  | Reached skill level 2 in Armour
 44509 | Snake:1  | Reached skill level 3 in Armour
 44760 | Snake:1  | Reached skill level 4 in Armour
 44995 | Snake:1  | Reached skill level 5 in Armour
 45020 | Snake:1  | Reached skill level 6 in Armour
 45599 | Snake:1  | Got a sheer robe
 45610 | Snake:1  | Identified the +3 robe of Hukhasm {rF+ MR+} (You found it
                  | on level 1 of the Snake Pit)
 45703 | Snake:1  | Reached skill level 7 in Armour
 45948 | Snake:1  | Noticed Asterion
 46092 | Snake:1  | Found a bloodstained altar of Trog.
 46137 | Snake:1  | Reached skill level 8 in Armour
 46440 | Snake:1  | Reached skill level 9 in Armour
 46674 | Snake:1  | Reached skill level 10 in Armour
 47497 | Snake:1  | Reached skill level 11 in Armour
 47512 | Snake:1  | Reached XP level 16. HP: 134/134 MP: 30/35
 47724 | Snake:1  | Reached skill level 12 in Armour
 48377 | Snake:1  | HP: 5/134 [anaconda (2)]
 49270 | Snake:2  | Reached skill level 13 in Armour
 49291 | Snake:1  | HP: 5/134 [poisoned by a naga mage (splash of poison)]
 49296 | Snake:1  | HP: 4/134 [poisoned by a naga mage (splash of poison)]
 49301 | Snake:1  | HP: 5/134 [poisoned by a naga mage (splash of poison)]
 51556 | Snake:3  | Learned a level 2 spell: Swiftness
 51675 | Snake:3  | Noticed Vashnia
 51689 | Snake:3  | Killed Vashnia
 51718 | Snake:3  | HP: 1/134 [naga mage/bolt of poison (12)]
 51721 | Snake:3  | Killed from afar by a naga mage

Vault maps used:
D:1:      giann_horns
D:2:      uniq_natasha, uniq_robin, uniq_sigmund
D:3:      serial_forest, infiniplex_forest_lined_2,
          infiniplex_forest_clump_small, infiniplex_forest_clump_tiny,
          infiniplex_forest_clump_medium, infiniplex_forest_clump_diagonal,
          infiniplex_forest_lined_3, first_ration
D:4:      okawaru_gym_becter
D:7:      minmay_temple_entry_crystal_x, uniq_harold
D:8:      cheibrodos_shockbox
D:9:      lair_entry_dummy, serial_shops, shop, uniq_joseph
D:10:     orc_0_dummy, grunt_livestock, minmay_misc_feat_enclosed,
          uniq_josephine
D:11:     basic_altar
D:12:     kennysheep_decorative_pillar, uniq_fannar, uniq_azrael
D:13:     erik_vaults_2, gammafunk_ghost_split, serial_shops,
          kennysheep_little_box, lab_entry_generic, kennysheep_windowed_goal
D:14:     nicolae_ashenzari_panopticon, minivault_26, hangedman_decor_riveting
D:15:     grunt_enter_depths_magical_seal, serial_shops, shop, uniq_nessos
Lair:1:   grunt_megastairs_1, serial_bayou_shore_b
Lair:2:   st_stairs_8
Lair:3:   swamp_mist, minmay_snake_entry_guardpost_medium, serial_bayou_pond_d,
          grunt_megastairs_3
Lair:4:   st_stairs_6, uniq_rupert
Lair:5:   mu_elephants_graveyard, beast_lair_carwin_8
Lair:6:   guppyfry_lair_end_dragon, hangedman_lair_caniforms_friends,
          minmay_slime_entry_oklob_open, uniq_sonja
Snake:1:  kennysheep_snake, basic_altar, uniq_asterion
Snake:2:  serial_bayou_pond_d
Snake:3:  nicolae_snake_hallway, st_stairs_9, minmay_shop_grid_forest,
          uniq_vashnia
Orc:1:    uniq_snorg
Orc:2:    grunt_orc_cross, serial_shops,
          nicolae_shop_temple_entry_statues_fountains,
          ebering_ghost_reflecting_pool
Lab:      nicolae_lab_big_swirl, nicolae_lab_blocks, labyrinth_skeletal_remains,
          lab_fountain, nicolae_lab_starburst, lab_hedge, nicolae_lab_statue,
          nicolae_lab_stuck

Skill      XL: |  1  2  3  4  5  6  7  8  9 10 11 12 13 14 15 16 |
---------------+-------------------------------------------------+-----
Spellcasting   | 2 3 4 5 6 7 9 10 | 10.1
Conjurations   | 2 3 5 7 8 9 |  9.0
Fighting       | 1 4 5 7 9 10 | 10.1
Dodging        | 4 6 7 8 9 10 | 10.4
Necromancy     | 6 7 10 | 10.0
Short Blades   | 9 10 | 10.0
Shields        | 5 |  5.1
Fire Magic     | 8 10 12 | 12.1
Armour         | 11 13 | 13.0
Stealth        | |  1.7
Summonings     | |  3.6

Action                   |  1- 3 |  4- 6 |  7- 9 | 10-12 | 13-15 | 16-18 || total
-------------------------+-------+-------+-------+-------+-------+-------++-------
Melee: Dagger            |    75 |    20 |       |   655 |  2606 |   190 ||  3546
       Trident           |    22 |    12 |       |       |       |       ||    34
       Short sword       |     6 |    57 |       |       |       |       ||    63
       Rapier            |       |       |    71 |    96 |   173 |       ||   340
       Scimitar          |       |       |       |       |    36 |       ||    36
       Staff             |       |       |       |       |       |    32 ||    32
 Fire: Blowgun           |       |       |       |       |     3 |       ||     3
 Cast: Summon Small Mamm |    62 |     6 |       |       |       |       ||    68
       Call Imp          |     7 |     3 |       |       |       |       ||    10
       Magic Dart        |       |   109 |   358 |   618 |   230 |       ||  1315
       Conjure Flame     |       |     8 |    33 |    45 |    15 |       ||   101
       Mephitic Cloud    |       |       |    14 |    16 |    12 |       ||    42
       Blink             |       |       |     1 |    42 |     4 |     1 ||    48
       Vampiric Draining |       |       |       |    45 |    41 |     2 ||    88
       Regeneration      |       |       |       |    43 |   182 |    13 ||   238
       Sticky Flame      |       |       |       |       |   152 |    43 ||   195
       Fireball          |       |       |       |       |    14 |    25 ||    39
       Bolt of Fire      |       |       |       |       |     4 |     6 ||    10
Evoke: Wand              |       |       |       |    15 |    20 |       ||    35
  Use: Scroll            |       |     7 |     3 |     7 |    20 |     4 ||    41
       Potion            |       |       |       |       |       |     2 ||     2
 Stab: Sleeping          |     4 |     1 |       |       |     1 |       ||     6
       Distracted        |     1 |       |       |       |     1 |       ||     2
       Confused          |       |       |     3 |     9 |    11 |       ||    23
       Paralysed         |       |       |       |       |     7 |       ||     7
  Eat: Chunk             |     7 |     7 |    15 |    34 |    62 |     2 ||   127
       Ration            |       |     1 |     1 |     4 |     6 |     5 ||    17
Armor: Robe              |     5 |       |       |       |       |       ||     5
       Animal skin       |    28 |    32 |    33 |    69 |       |       ||   162
       Leather armour    |       |       |       |    19 |   218 |       ||   237
       Troll leather arm |       |       |       |       |   187 |       ||   187
       Acid dragon scale |       |       |       |       |    40 |    49 ||    89
Dodge: Dodged            |    69 |    68 |    74 |   391 |  1408 |   114 ||  2124
Block: Buckler           |       |       |       |       |   651 |    75 ||   726
       Reflection        |       |       |       |       |    26 |    13 ||    39
       Rpst.: Scimitar   |       |       |       |       |     6 |       ||     6

Table legend:
 A = Non-vault XP
 B = Vault XP
 C = Vault XP percentage of total XP
 D = Non-vault monster count
 E = Vault monster count
 F = Vault count percentage of total count
                 A         B        C        D         E       F
            +---------+---------+-------+---------+---------+-------
      Total |  117529 |  101006 |  46.2 |     635 |     258 |  28.9
            +---------+---------+-------+---------+---------+-------
        D:1 |      25 |       0 |   0.0 |      19 |       0 |   0.0
        D:2 |     133 |     275 |  67.4 |      28 |      10 |  26.3
        D:3 |     122 |       0 |   0.0 |      19 |       0 |   0.0
        D:4 |     305 |       0 |   0.0 |      17 |       0 |   0.0
        D:5 |     942 |       0 |   0.0 |      28 |       0 |   0.0
        D:6 |    1145 |       0 |   0.0 |      27 |       0 |   0.0
        D:7 |     640 |    1023 |  61.5 |      19 |       1 |   5.0
        D:8 |    2497 |       0 |   0.0 |      39 |       0 |   0.0
        D:9 |    1603 |     626 |  28.1 |      20 |       2 |   9.1
       D:10 |    3193 |    2937 |  47.9 |      36 |      10 |  21.7
       D:11 |    2651 |       0 |   0.0 |      19 |       0 |   0.0
       D:12 |    3265 |    4909 |  60.1 |      22 |       8 |  26.7
       D:13 |    4005 |    6794 |  62.9 |      28 |       9 |  24.3
       D:14 |   13077 |       0 |   0.0 |      44 |       0 |   0.0
       D:15 |    8256 |    5749 |  41.0 |      32 |      10 |  23.8
     Lair:1 |    5798 |     517 |   8.2 |      23 |       2 |   8.0
     Lair:2 |    4148 |     378 |   8.4 |      13 |       1 |   7.1
     Lair:3 |    4357 |    1879 |  30.1 |      18 |       6 |  25.0
     Lair:4 |    6932 |    4116 |  37.3 |      31 |       4 |  11.4
     Lair:5 |    6007 |   11190 |  65.1 |      27 |      24 |  47.1
     Lair:6 |    6950 |   16056 |  69.8 |      23 |      76 |  76.8
    Snake:1 |   23802 |   19103 |  44.5 |      45 |      34 |  43.0
    Snake:2 |    9440 |       0 |   0.0 |      19 |       0 |   0.0
    Snake:3 |    3860 |   10747 |  73.6 |       8 |      12 |  60.0
      Orc:1 |    1710 |       0 |   0.0 |      13 |       0 |   0.0
      Orc:2 |    1427 |   11626 |  89.1 |      17 |      39 |  69.6
        Lab |    1239 |    3081 |  71.3 |       1 |      10 |  90.9
            +---------+---------+-------+---------+---------+-------
